 Seeded DCSS version 0.30.1-4-g462c640d31 (webtiles) character file.

Game seed: 15660985446129201502 (custom seed)

2034 AccursedSamuel the Carver (level 9, -2/54 HPs)
             Began as a Tengu Monk on Sept 14, 2023.
             Shot with an arrow by a centaur (7 damage)
             ... on level 6 of the Dungeon.
             The game lasted 00:15:25 (6243 turns).

AccursedSamuel the Carver (Tengu Monk)              Turns: 6243, Time: 00:15:26

Health: -2/54      AC: 16    Str: 12      XL:     9   Next: 24%
Magic:  10/10      EV:  9    Int: 10      God:
Gold:   446        SH:  0    Dex: 17 (21) Spells: 8/8 levels left

rFire   . . .        e - +4 triple sword (drain)
rCold   + + .        (shield currently unavailable)
rNeg    . . .        x - +3 chain mail {rC+}
rPois   .            (helmet restricted)
rElec   .            (no cloak)
rCorr   .            (no gloves)
SInv    .            (boots unavailable)
Will    .....        (no amulet) Stlth
                     p - +4 ring of protection
HPRegen 0.29/turn    f - ring of protection from cold
MPRegen 0.12/turn

%: no passive effects
@: flying quickly and evasively, quick
A: beak, talons 3, nimble flight
a: no special abilities


You were on level 6 of the Dungeon.
You visited 1 branch of the dungeon, and saw 6 of its levels.

You collected 446 gold pieces.

Inventory:

Hand Weapons
 e - a +4 triple sword of draining (weapon)
Armour
 d - an orb of light
 x - a +3 chain mail of cold resistance (worn)
Jewellery
 f - a ring of protection from cold (right hand)
 p - a +4 ring of protection (left hand)
Wands
 s - a wand of iceblast (1)
Scrolls
 a - 6 scrolls of teleportation
 g - a scroll of enchant armour
 n - 3 scrolls of identify
 q - a scroll of fog
 t - a scroll of blinking
Potions
 b - a potion of berserk rage {unknown}
 c - a potion of ambrosia
 k - a potion of attraction
 l - a potion of magic
 u - a potion of haste
 v - a potion of lignification


   Skills:
 + Level 5.6 Fighting
 + Level 10.7 Long Blades
 + Level 3.2 Armour
 + Level 4.9 Dodging
 + Level 3.0 Stealth


You had 8 spell levels left.
You didn't know any spells.
Your spell library contained the following spells:

 Spells                   Type           Power      Damage    Failure   Level
 Cigotuvi's Dreadful Rot  Necr/Pois/Air  0%         N/A       100%        2
 Lesser Beckoning         Tloc           0%         N/A       100%        2
 Gell's Gravitas          Tloc           0%         N/A       100%        3
 Ignite Poison            Fire/Tmut/Pois 0%         N/A       100%        3
 Teleport Other           Tloc           0%         N/A       100%        3
 Dispel Undead            Necr           0%         3d6       100%        4
 Sticky Flame             Conj/Fire      0%         2d3       100%        4
 Death Channel            Necr           0%         N/A       100%        6
 Ignition                 Fire           0%         3d3       100%        8


Dungeon Overview and Level Annotations

Branches:
Dungeon (6/15)
 Temple: D:4-7

Altars:
Elyvilon
Ru
Wu Jian

Annotations:
D:2 1 runed translucent door, Crazy Yiuf


Innate Abilities, Weirdness & Mutations

You have a beak for a mouth.
You have claws for feet.
Your magical nature lets you fly swiftly and evasively.


Message History

You completely miss Menkaure.
Menkaure is almost destroyed.
The centaur shoots an arrow.
The arrow hits you but does no damage.
Menkaure calls on the powers of darkness!
Your body is wracked with pain!
You slice Menkaure!!
You destroy Menkaure!
The centaur shoots an arrow.
The arrow hits you.
The centaur shoots an arrow.
The arrow barely misses you.
You feel your dexterity returning.
Your Stealth skill increases to level 3!
The centaur shoots an arrow.
The arrow closely misses you.
The centaur shoots an arrow.
The arrow hits you but does no damage.
The centaur shoots an arrow.
The arrow hits you.
The centaur shoots an arrow.
The arrow hits you!
* * * LOW HITPOINT WARNING * * *
The centaur shoots an arrow.
The arrow barely misses you.
You start resting.
A centaur is nearby!
The centaur shoots an arrow.
The arrow hits you but does no damage.
The centaur shoots an arrow.
The arrow hits you.
* * * LOW HITPOINT WARNING * * *
The centaur shoots an arrow.
The arrow hits you but does no damage.
The centaur shoots an arrow.
The arrow hits you but does no damage.
The centaur shoots an arrow.
The arrow barely misses you.
The centaur shoots an arrow.
The arrow hits you but does no damage.
The centaur shoots an arrow.
The arrow hits you.
* * * LOW HITPOINT WARNING * * *
The centaur shoots an arrow.
The arrow closely misses you.
The centaur shoots an arrow.
The arrow hits you!
* * * LOW HITPOINT WARNING * * *
The centaur shoots an arrow.
The arrow barely misses you.
The centaur shoots an arrow.
The arrow barely misses you.
The centaur shoots an arrow.
The arrow hits you but does no damage.
The centaur shoots an arrow.
The arrow hits you.
* * * LOW HITPOINT WARNING * * *
The centaur shoots an arrow.
The arrow hits you but does no damage.
The centaur shoots an arrow.
The arrow barely misses you.
The centaur shoots an arrow.
The arrow hits you!
You die...

###
##########.############
.............(........#
#.......##.##..##.....#
#..###c.##@##..##.###.#
# #..#.........###.#
..###.c...#..........#
.>.................##.#
...:............##.##.#
#.......#.............#
....#.....###......##.#
#.......#.# #.#.##.##.#
##..#$.##....
#.##†##.####


You could see a centaur.

Vanquished Creatures
  Sigmund (D:4)
  3 yaks (D:6)
  Menkaure (D:6)
  Edmund (D:5)
  A centaur (D:6)
  2 ogres
  2 scorpions
  2 wights (D:6)
  A howler monkey (D:6)
  3 hounds
  3 quasits (D:5)
  3 orc priests
  5 iguanas
  Jessica (D:2)
  A sleepcap (D:5)
  Ijyb (D:4)
  3 adders
  4 shadow imps
  2 white imps (D:5)
  6 ufetubi
  A worm (D:4)
  4 dart slugs
  9 orcs
  9 endoplasms
  2 giant cockroaches (D:2)
  8 goblins
  9 hobgoblins
  6 kobolds
  6 quokkas
  6 ball pythons
  3 bats
  7 frilled lizards
  8 rats
  A spectral kobold (D:2)
125 creatures vanquished.

Notes
Turn   | Place    | Note
-------+----------+-------------------------------------------
     0 | D:1      | AccursedSamuel the Tengu Monk began the quest for the Orb.
     0 | D:1      | Reached XP level 1. HP: 14/14 MP: 2/2
    75 | D:1      | Reached XP level 2. HP: 15/19 MP: 3/3
   127 | D:1      | Identified a scroll of acquirement
   127 | D:1      | Acquired a +4 triple sword of draining
   391 | D:1      | Reached XP level 3. HP: 23/23 MP: 4/4
  1033 | D:2      | Reached skill level 4 in Long Blades
  1098 | D:2      | Found a faded altar of an unknown god.
  1212 | D:2      | Found a runed translucent door.
  1213 | D:2      | Noticed Crazy Yiuf
  1318 | D:2      | Noticed Jessica
  1326 | D:2      | Killed Jessica
  1327 | D:2      | Reached XP level 4. HP: 25/28 MP: 5/5
  1764 | D:3      | Reached skill level 5 in Long Blades
  1764 | D:3      | Reached skill level 1 in Stealth
  1764 | D:3      | Gained mutation: Your magical nature lets you fly swiftly
                  | and evasively. [Tengu growth]
  1764 | D:3      | Reached XP level 5. HP: 32/32 MP: 6/6
  1876 | D:3      | Found an ornate altar of the Wu Jian Council.
  2556 | D:4      | Reached XP level 6. HP: 38/38 MP: 7/7
  2567 | D:4      | Reached skill level 6 in Long Blades
  2650 | D:4      | Noticed Ijyb
  2654 | D:4      | Noticed Sigmund
  2656 | D:4      | Killed Ijyb
  2659 | D:4      | Killed Sigmund
  2660 | D:4      | Reached skill level 7 in Long Blades
  2660 | D:4      | Reached XP level 7. HP: 29/43 MP: 8/8
  3589 | D:5      | Entered Level 5 of the Dungeon
  3896 | D:5      | Found a white marble altar of Elyvilon.
  3912 | D:5      | Found a sacrificial altar of Ru.
  3962 | D:5      | Reached skill level 8 in Long Blades
  4078 | D:5      | Reached XP level 8. HP: 19/48 MP: 9/9
  4357 | D:5      | Noticed Edmund
  4366 | D:5      | Killed Edmund
  4663 | D:5      | Reached skill level 5 in Fighting
  5634 | D:6      | Reached skill level 9 in Long Blades
  5674 | D:6      | Reached skill level 1 in Armour
  5761 | D:6      | Noticed a yak
  5761 | D:6      | Noticed a yak
  5762 | D:6      | Noticed a yak
  5778 | D:6      | Killed a yak
  5781 | D:6      | Killed a yak
  5784 | D:6      | Killed a yak
  5785 | D:6      | Reached skill level 10 in Long Blades
  5951 | D:6      | Reached XP level 9. HP: 34/54 MP: 10/10
  6201 | D:6      | Noticed Menkaure
  6208 | D:6      | Killed Menkaure
  6243 | D:6      | Shot with an arrow by a centaur

Illustrated notes

Levels and vault maps discovered:
D:1:      minmay_arrival_pointy, layout_loops_ring, minmay_gold_behind_fungi
D:2:      layout_basic, dreamdust_ecumenical_altar_drowned_temple,
          hangedman_decor_clover_reticule, fountainhead,
          uniq_crazy_yiuf_cottage, uniq_jessica
D:3:      layout_loops_ring, general_overflow_altar, serial_bayou_pond_d
D:4:      layout_basic, nicolae_eternal_life, uniq_ijyb, uniq_sigmund
D:5:      layout_layer_cave, mainiacjoe_overflow_small_starburst,
          elyvilon_altar_1, serial_demonic, serial_demonic_e, serial_demonic_b,
          serial_demonic_e, serial_demonic_a, serial_demonic_e,
          serial_demonic_e, serial_demonic_g, serial_demonic_a,
          serial_demonic_d, serial_demonic_g, uniq_edmund
D:6:      layout_basic, nicolae_uskayaw_suspiria, ebering_ghost_rock_garden,
          minivault_22, uniq_menkaure

Skill      XL: |  1  2  3  4  5  6  7  8  9 |
---------------+----------------------------+-----
Long Blades    | 4 5 7 8 10 | 10.7
Stealth        | 1 2 3 |  3.0
Dodging        | 4 |  4.9
Fighting       | 4 5 |  5.6
Armour         | 2 3 |  3.2

Action                     |  1- 3 |  4- 6 |  7- 9 || total
---------------------------+-------+-------+-------++-------
  Melee: Falchion          |    14 |       |       ||    14
         Kick              |     5 |     9 |    26 ||    40
         Peck              |     3 |     5 |    20 ||    28
         Triple sword      |    38 |    58 |   116 ||   212
    Use: Scroll            |     1 |       |     7 ||     8
         Potion            |       |       |     9 ||     9
   Stab: Sleeping          |     2 |     2 |     7 ||    11
         Distracted        |     1 |       |     1 ||     2
 Armour: Robe              |     8 |     3 |    15 ||    26
         Chain mail        |       |       |    56 ||    56
  Dodge: Dodged            |    32 |    39 |   140 ||   211
